 Dungeon Crawl Stone Soup version 0.19-a0-1613-g7c9bbd0 (webtiles) character file.

10852 vale the Summoner (level 11, -4/78 HPs)
             Began as a Mummy Summoner on Sept 18, 2016.
             Was a Priest of Ashenzari.
             Killed from afar by a steam dragon (36 damage)
             ... with a ball of steam
             ... on level 3 of the Lair of Beasts.
             The game lasted 01:00:40 (24896 turns).

vale the Summoner (Mummy Summoner)                 Turns: 24896, Time: 01:00:42

Health: -4/78      AC:  5    Str: 12    XL:     11   Next: 41%
Magic:  10/19      EV: 15    Int: 23    God:    Ashenzari [***...]
Gold:   699        SH:  0    Dex: 12    Spells: 5 memorised, 7 levels left

rFire  x . .     SeeInvis +     s - +0 quarterstaff (curse)
rCold  + + .     Gourm    .     f - +2 leather armour {rC+}
rNeg   + + +     Faith    .     (shield currently unavailable)
rPois  ∞         Spirit   .     (no helmet)
rElec  .         Dismiss  .     (no cloak)
rCorr  .         Reflect  .     (no gloves)
MR     +....     Harm     .     (no boots)
Stlth  +++.......               (no amulet)
                                c - ring of stealth
                                r - +5 ring of intelligence

@: no status effects
A: no food or potions, fire vulnerability, cold resistance 1, negative energy
resistance 3, torment resistance, unbreathing
a: Curse Item, Scrying, Renounce Religion


You were on level 3 of the Lair of Beasts.
You worshipped Ashenzari.
Ashenzari was most pleased with you.
You were not hungry.

You visited 3 branches of the dungeon, and saw 13 of its levels.

You collected 699 gold pieces.

Inventory:

Hand Weapons
 d - a +0 dagger
 s - a cursed +0 quarterstaff (weapon)
Missiles
 g - 312 stones
 j - a javelin of penetration (quivered)
 p - 2 throwing nets
Armour
 f - a +2 leather armour of cold resistance (worn)
 h - a +0 robe
Magical Staves
 n - an uncursed staff of wizardry
 o - an uncursed staff of earth
Jewellery
 c - a ring of stealth (right hand)
 m - an uncursed ring of flight
 r - a +5 ring of intelligence (left hand)
Wands
 t - a wand of iceblast (7/15)
 v - a wand of flame (17/48)
 w - a wand of paralysis (5/24)
 x - a wand of polymorph (7/24)
 y - a wand of lightning (0/15)
 z - a wand of lightning (8/15)
 A - a wand of digging (10/24)
 D - a wand of flame (8/48)
 F - a wand of flame (17/48)
 G - a wand of iceblast (11/15)
 I - a wand of lightning (5/15)
 J - a wand of random effects (20/48)
Scrolls
 a - 3 scrolls of enchant weapon
 e - 3 scrolls of recharging
 i - 2 scrolls of remove curse
 l - a scroll of enchant armour {unknown}
 q - a scroll of fear
 u - 2 scrolls of amnesia
 C - 3 scrolls of identify
Books
 b - a book of Callings

   Spells                             Type                      Level
   a - Summon Small Mammal            Summoning                    1
   b - Call Imp                       Summoning                    2
   c - Call Canine Familiar           Summoning                    3
   d - Summon Guardian Golem          Hexes/Summoning              3
   e - Summon Lightning Spire         Summoning/Air                4
   f - Summon Ice Beast               Ice/Summoning                4
 k - a book of the Earth

   Spells                             Type                      Level
   a - Leda's Liquefaction            Hexes/Earth                  4
   b - Bolt of Magma                  Conjuration/Fire/Earth       5
   c - Statue Form                    Transmutation/Earth          6
   d - Iron Shot                      Conjuration/Earth            6
   e - Shatter                        Earth                        9
 B - a book of Alchemy

   Spells                             Type                      Level
   a - Sublimation of Blood           Necromancy                   2
   b - Ignite Poison                  Fire/Transmutation/Poison    3
   c - Petrify                        Transmutation/Earth          4
   d - Alistair's Intoxication        Transmutation/Poison         5
   e - Irradiate                      Conjuration/Transmutation    5
 E - a book of Maledictions

   Spells                             Type                      Level
   a - Corona                         Hexes                        1
   b - Ensorcelled Hibernation        Hexes/Ice                    2
   c - Confuse                        Hexes                        3
   d - Tukima's Dance                 Hexes                        3
   e - Dazzling Spray                 Conjuration/Hexes            3
 H - a book of Dreams

   Spells                             Type                      Level
   a - Ensorcelled Hibernation        Hexes/Ice                    2
   b - Silence                        Hexes/Air                    5
   c - Darkness                       Hexes                        6
   d - Shadow Creatures               Summoning                    6


   Skills:
 - Level 4.7 Fighting
 + Level 6.7(10.5) Staves
 * Level 7.7 Dodging
 - Level 3.0 Stealth
 - Level 5.7 Spellcasting
 - Level 8.1 Summonings
 - Level 3.0 Ice Magic
 - Level 4.0 Air Magic


You had 7 spell levels left.
You knew the following spells:

 Your Spells              Type           Power        Failure   Level  Hunger
a - Summon Small Mammal   Summ           ####         1%          1    N/A
c - Call Canine Familiar  Summ           #####...     1%          3    N/A
d - Summon Ice Beast      Ice/Summ       ####....     12%         4    N/A
e - Call Imp              Summ           #####...     1%          2    N/A
i - Summon Lightning Spi  Summ/Air       ####....     10%         4    N/A

Dungeon Overview and Level Annotations

Branches:
Dungeon (9/15)             Temple (1/1) D:7            Lair (3/6) D:8
  Swamp: Lair:2-4    Shoals: Lair:2-4     Snake: Lair:2-4    Spider: Lair:2-4
    Orc: D:9-12

Altars:
Ashenzari
Cheibriados
Dithmenos
Elyvilon
Fedhas
Gozag
Hepliaklqana
Kikubaaqudgha
Makhleb
Nemelex Xobeh
Okawaru
Qazlal
Ru
Sif Muna
Trog
Uskayaw
Vehumet
Xom
Yredelemnul
Zin
The Shining One

Shops:
D:5 }   D:8 %

Annotations:
D:3 exclusion: Terence, Terence
D:4 exclusion: ogre
D:6 particleface's ghost, novice OpMo
D:8 exclusion: Psyche, Joseph; Psyche
Lair:3 exclusion: hydra, Snorg


Innate Abilities, Weirdness & Mutations

You do not eat or drink.
Your flesh is vulnerable to fire.
You are immune to poison.
Your flesh is cold resistant. (rC+)
You are immune to negative energy. (rN+++)
You are immune to unholy pain and torment.
You can survive without breathing.


Message History

You now have 13/19 mp.
The steam dragon breathes steam at you. The ball of steam hits you!
The steam scalds you terribly!
* * * LOW HITPOINT WARNING * * *
You hear a croak.
You hear a roar!
You take 33 damage, and have 38/78 hp.
MASSIVE DAMAGE!!
A chill wind blows around you.
You are engulfed in a cloud of scalding steam.
* * * LOW HITPOINT WARNING * * *
Your ice beast hits the steam dragon but does no damage.
A spiny frog comes into view.
You take 7 damage, and have 31/78 hp.
You now have 10/19 mp.
Your ice beast barely misses the steam dragon.
Okay, then.
Unknown command.
Your ice beast is engulfed in a cloud of scalding steam.
Your ice beast is engulfed in a cloud of scalding steam. x2
The steam dragon breathes steam at you. The ball of steam hits you!
The steam scalds you terribly!
You die...

....P......##.....##...#.........
...###.#..#.......#####.#...##...
...##..##.##......#.#####....##.#
............................###.#
.............(...................
.........................[.......
.................................
.................)...............
................@#.#.P........###
................§#*#.####...##.##
.......##..#...FD###§####....#$..
........#PP#.....Y.Y...##........
..................#...###....÷...
.................###..##.....#...
.....##....#.....#*#.P###....#...
.....#*....##..... #.## #....#...
.....# ..........,...* #.....#.#


You could see a spiny frog, a steam dragon and a friendly ice beast.

Vanquished Creatures
  A black mamba (Lair:3)
  3 spiny frogs (Lair:3)
  A rime drake (Lair:3)
  A troll (D:9)
  6 blink frogs
  4 yaks
  A human (D:7)
  A hungry ghost (D:9)
  4 water moccasins
  A porcupine (Lair:1)
  An orc warrior (D:9)
  A black bear (D:9)
  3 phantoms
  An ogre (D:5)
  A centaur (D:6)
  A big kobold (D:9)
  7 bullfrogs
  A scorpion (D:8)
  A killer bee (D:8)
  3 wights (D:8)
  2 electric eels (D:7)
  2 crimson imps
  A wasp zombie (D:7)
  2 jellies (D:7)
  A centaur skeleton (D:9)
  2 hounds
  An orc priest (D:7)
  2 orc wizards
  3 iguanas
  4 worker ants
  A killer bee zombie (D:8)
  A worker ant zombie (D:6)
  2 gnolls (D:3)
  5 river rats
  8 adders
  3 shadow imps
  An ooze (D:6)
  2 adder zombies
  A dart slug (D:1)
  A leopard gecko (D:2)
  15 orcs
  4 giant cockroaches
  5 goblins
  2 hobgoblins
  12 jackals
  3 quokkas
  A ball python (D:1)
  6 bats
  9 kobolds
  2 leopard gecko skeletons
  3 rats
150 creatures vanquished.

Vanquished Creatures (collateral kills)
  6 spiny frogs
  3 komodo dragons
  9 blink frogs
  2 hippogriffs
  A wyvern (D:8)
  14 yaks
  2 hogs
  A hungry ghost (D:7)
  Menkaure (D:7)
  6 porcupines
  2 water moccasins
  4 orc warriors
  A sky beast (D:8)
  A phantom (D:6)
  2 ogres
  A crocodile (Lair:2)
  9 bullfrogs
  A jelly (D:8)
  4 howler monkeys
  2 wights (D:8)
  2 crimson imps (D:7)
  A quasit (D:5)
  A centaur skeleton (D:8)
  5 orc priests
  2 bullfrog skeletons
  6 iguanas
  6 orc wizards
  A worker ant (D:5)
  A killer bee zombie (D:7)
  A worker ant zombie (D:8)
  A gnoll (D:3)
  4 adders
  3 river rats
  An ooze (D:4)
  4 worms
  A dart slug (D:2)
  28 orcs
  2 goblins
  3 hobgoblins
  A jackal (D:7)
  2 bats (D:1)
  2 frilled lizards
150 creatures vanquished.

Vanquished Creatures (others)
  5 fungi
5 creatures vanquished.

Grand Total: 305 creatures vanquished

Notes
Turn   | Place    | Note
-------+----------+-------------------------------------------
     0 | D:1      | vale the Mummy Summoner began the quest for the Orb.
     0 | D:1      | Reached XP level 1. HP: 13/13 MP: 3/3
  1312 | D:1      | Reached XP level 2. HP: 12/19 MP: 5/5
  1420 | D:1      | Learned a level 2 spell: Call Imp
  1914 | D:2      | Reached skill level 4 in Summonings
  2224 | D:2      | Reached XP level 3. HP: 21/24 MP: 3/6
  2267 | D:2      | Learned a level 3 spell: Call Canine Familiar
  2929 | D:3      | Noticed Terence
  3232 | D:3      | Found a snail-covered altar of Cheibriados.
  3262 | D:3      | Found a shimmering altar of Xom.
  3311 | D:3      | Found a sacrificial altar of Ru.
  3322 | D:3      | Found a shattered altar of Ashenzari.
  3356 | D:3      | Became a worshipper of Ashenzari the Shackled
  3470 | D:3      | Reached XP level 4. HP: 18/30 MP: 4/7
  4452 | D:4      | Reached skill level 5 in Summonings
  4758 | D:3      | Reached XP level 5. HP: 35/35 MP: 2/8
  5136 | D:4      | Noticed an ogre
  5299 | D:4      | Reached skill level 1 in Staves
  5896 | D:4      | Reached XP level 6. HP: 25/41 MP: 4/9
  6270 | D:5      | Entered Level 5 of the Dungeon
  6312 | D:5      | Found a deep blue altar of Sif Muna.
  6812 | D:5      | Learned a level 4 spell: Summon Ice Beast
  6914 | D:5      | Found Xen Wera's Gadget Emporium.
  7311 | D:5      | Reached XP level 7. HP: 14/46 MP: 5/12
  7761 | D:6      | Reached * piety under Ashenzari
  7844 | D:6      | Noticed particleface's ghost (novice OpMo)
  9048 | D:6      | Reached skill level 1 in Fighting
  9277 | D:6      | Reached skill level 5 in Spellcasting
  9824 | D:7      | Found a staircase to the Ecumenical Temple.
  9826 | D:7      | Noticed Menkaure
  9900 | D:7      | Killed Menkaure
  9900 | D:7      | Reached XP level 8. HP: 42/56 MP: 8/16
 10454 | Temple   | Entered the Ecumenical Temple
 10644 | D:7      | Reached skill level 1 in Ice Magic
 12470 | D:7      | Learned a level 4 spell: Summon Lightning Spire
 12870 | D:7      | Reached skill level 6 in Summonings
 13039 | D:7      | Reached XP level 9. HP: 35/66 MP: 8/17
 13820 | D:8      | Noticed Joseph
 13856 | D:8      | Noticed Psyche
 13877 | D:8      | Reached ** piety under Ashenzari
 14299 | D:8      | Found a staircase to the Lair.
 14808 | D:8      | Found Ziaxtad's Food Emporium.
 16088 | D:9      | Reached skill level 1 in Air Magic
 16259 | D:9      | Noticed a troll
 16277 | D:9      | Killed a troll
 17337 | D:9      | Reached XP level 10. HP: 69/73 MP: 18/18
 17563 | Lair:1   | Entered Level 1 of the Lair of Beasts
 17688 | Lair:1   | Reached skill level 7 in Summonings
 18550 | Lair:1   | Reached *** piety under Ashenzari
 18716 | Lair:1   | Noticed a spiny frog
 20308 | Lair:1   | Noticed a spiny frog
 20317 | Lair:1   | Killed a spiny frog
 20317 | Lair:1   | Reached skill level 8 in Summonings
 20548 | Lair:1   | Reached skill level 5 in Staves
 20827 | Lair:1   | Killed a spiny frog
 21319 | Lair:1   | Reached skill level 5 in Dodging
 21754 | Lair:2   | Noticed a spiny frog
 21773 | Lair:2   | Killed a spiny frog
 22683 | Lair:2   | Noticed a spiny frog
 22695 | Lair:2   | Killed a spiny frog
 22695 | Lair:2   | Reached XP level 11. HP: 78/78 MP: 12/19
 23239 | Lair:3   | Noticed Snorg
 24141 | Lair:3   | Noticed a seven-headed hydra
 24400 | Lair:3   | Noticed a six-headed hydra
 24896 | Lair:3   | Killed from afar by a steam dragon

Vault maps used:
D:1:      dpeg_arrival_more_subterranean_lakeside_camping
D:2:      corexii_shack
D:3:      nicolae_overflow_quartered_altars, first_bread, uniq_terence
D:4:      minmay_misc_feat_hallway
D:5:      basic_altar, serial_shops, shop_fountains, kennysheep_small_circle
D:7:      statuecave_lemuel, grunt_livestock, uniq_menkaure
D:8:      lair_0_dummy, serial_shops, shop, minivault_19, roderic_lattice_a,
          uniq_psyche, uniq_joseph
D:9:      david_orc_5
Temple:   minmay_crystal_spiral_temple
Lair:2:   serial_bayou_pond_b
Lair:3:   infiniplex_staircase_pool, uniq_snorg

Skill      XL: |  1  2  3  4  5  6  7  8  9 10 11 |
---------------+----------------------------------+-----
Summonings     | 4 5 6 8 |  8.1
Staves         | 2 3 4 5 6 |  6.7
Spellcasting   | 3 5 |  5.7
Fighting       | 2 4 |  4.7
Ice Magic      | 3 |  3.0
Stealth        | 3 |  3.0
Dodging        | 3 6 7 |  7.7
Air Magic      | 4 |  4.0

Action                   |  1- 3 |  4- 6 |  7- 9 | 10-12 || total
-------------------------+-------+-------+-------+-------++-------
Melee: Hand axe          |    56 |       |       |       ||    56
       Short sword       |    11 |       |       |       ||    11
       Rapier            |    36 |       |       |       ||    36
       Quarterstaff      |     7 |   106 |   407 |   289 ||   809
Throw: Javelin           |     1 |     4 |     6 |     5 ||    16
       Stone             |       |     2 |     1 |       ||     3
 Cast: Summon Small Mamm |    36 |     3 |     2 |       ||    41
       Call Imp          |    15 |    38 |    71 |     2 ||   126
       Call Canine Famil |     1 |    18 |    61 |    18 ||    98
       Summon Ice Beast  |       |       |    28 |    72 ||   100
       Summon Lightning  |       |       |     7 |    21 ||    28
Invok: Curse Item        |       |     1 |       |       ||     1
Evoke: Wand              |       |       |     8 |       ||     8
  Use: Scroll            |     2 |     6 |     5 |     4 ||    17
 Stab: Distracted        |     1 |     1 |     7 |     4 ||    13
       Sleeping          |     2 |       |     6 |     2 ||    10
       Paralysed         |       |       |     4 |       ||     4
Armor: Robe              |    32 |       |       |       ||    32
       Leather armour    |     1 |    67 |    92 |    39 ||   199
Dodge: Dodged            |    90 |    93 |   250 |   201 ||   634
